Map: Lost and Found LE

Players

Countess - Winner!

  • Race: Protoss Protoss
  • League: Diamond
  • Spawn Location: 7:00

Iceman

  • Race: Zerg Zerg
  • League: Diamond
  • Spawn Location: 1:00

VOD

Have the link to the VOD?

Description

Time

  • Played on: Nov. 16, 2018, 4:25 p.m.
  • Length: 9:08
Show
View Real Time Build Order
Export as new Build Order

Countess Protoss - Winner!

Build Orders: 1 Gate Expand, Oracle Opening, Phoenix Opening, Zealot Archon 

Get SALT Encoding   

  12  0:00  Probe  
  13  0:12  Probe  
  14  0:18  Pylon  
  14  0:23  Probe  
  15  0:32  Probe  
  15  0:39  Gateway  
  16  0:45  Probe, Assimilator  
  17  0:57  Probe  
  18  1:09  Probe  
  19  1:21  Probe  
  20  1:29  Nexus  
  20  1:41  Cybernetics Core  
  20  1:43  Probe  
  21  1:49  Assimilator  
  21  1:55  Probe  
  21  2:00  Pylon  
  22  2:07  Probe  
  23  2:09  Adept  
  23  2:20  Probe  
  26  2:24  Stargate  
  26  2:32  Probe  
  26  2:33  Warp Gate  
  27  2:38  Probe  
  27  2:39  Adept  
  27  2:41  Probe  
  30  2:50  Probe  
  31  2:55  Probe, Gateway  
  33  3:05  Probe  
  34  3:07  Phoenix, Probe  
  35  3:17  Probe  
  35  3:19  Probe  
  39  3:29  Probe  
  39  3:31  Probe, Oracle  
  44  3:36  Twilight Council  
  44  3:39  Pylon  
  44  3:40  Probe  
  44  3:43  Probe  
  46  3:49  Assimilator  
  46  3:50  Assimilator  
  46  3:53  Probe  
  46  3:56  Pylon  
  46  3:57  Probe  
  48  4:03  Probe  
  48  4:09  Probe  
  50  4:10  Charge  
  50  4:16  Probe, Gateway  
  51  4:18  Gateway  
  51  4:21  Probe  
  52  4:25  Robotics Facility  
  52  4:28  Probe  
  53  4:51  Probe  
  53  4:52  Probe  
  52  4:54  Adept  
  52  4:55  Adept  
  56  5:05  Warp Prism  
  56  5:09  Pylon  
  56  5:12  Nexus  
  58  5:26  Pylon  
  58  5:28  Pylon  
  58  5:33  Templar Archives  
  58  5:36  Zealot x2  
  58  5:37  Zealot x2  
  58  5:41  Shield Battery  
  66  5:45  Immortal  
  66  5:51  Probe x2  
  66  5:56  Forge  
  72  6:10  High Templar x4  
  80  6:17  Archon x2, Gateway  
  80  6:19  Probe x2, Gateway  
  80  6:21  Gateway  
  80  6:22  Immortal  
  80  6:23  Protoss Ground Weapons Level 1  
  82  6:27  Probe  
  82  6:30  Probe  
  82  6:44  High Templar x3  
  82  6:45  Zealot  
  86  6:49  Archon, Assimilator  
  86  6:50  Assimilator  
  86  6:51  Probe x2  
  88  6:58  Warp Prism  
  88  7:02  Pylon  
  88  7:03  Pylon  
  90  7:10  Probe  
  90  7:12  Probe x2  
  93  7:18  Probe  
  93  7:22  High Templar x3  
  100  7:23  Zealot x4  
  100  7:24  Probe x2  
  100  7:26  Archon x2  
  100  7:27  Immortal  
  110  7:36  Probe  
  115  7:41  Probe  
  115  7:42  Probe  
  117  7:45  Pylon  
  117  7:47  Pylon  
  117  7:48  Pylon  
  117  8:04  Zealot x4  
  117  8:05  Zealot x3  
  131  8:22  Pylon  
  131  8:24  Pylon  
  131  8:26  Pylon  
  131  8:27  Zealot x3  
  131  8:28  Zealot x2  
  141  8:47  Zealot x5  
  151  8:48  Zealot x2  
  132  9:08  High Templar x2  
Show
View Real Time Build Order
Export as new Build Order

Iceman Zerg 

Build Orders: Hatch First 

Get SALT Encoding   

  12  0:01  Drone  
  13  0:13  Overlord  
  13  0:16  Drone  
  14  0:31  Drone x2  
  16  0:48  Hatchery  
  15  0:52  Drone  
  16  0:57  Drone  
  16  0:59  Drone  
  18  1:13  Extractor  
  18  1:17  Spawning Pool  
  18  1:18  Drone  
  17  1:21  Drone  
  18  1:29  Drone  
  19  1:39  Overlord  
  19  2:04  Zergling x6, Queen x2  
  26  2:11  Drone  
  26  2:12  Drone  
  28  2:17  Metabolic Boost  
  28  2:21  Drone  
  30  2:22  Drone  
  30  2:41  Hatchery  
  29  2:45  Overlord  
  29  2:48  Drone x2  
  31  2:51  Drone  
  31  2:54  Drone  
  33  3:01  Drone  
  33  3:04  Drone  
  35  3:06  Drone  
  35  3:14  Drone  
  35  3:16  Drone x3  
  39  3:22  Queen  
  39  3:25  Overlord  
  41  3:30  Drone x2  
  41  3:33  Overlord  
  43  3:41  Overlord  
  43  3:46  Lair  
  43  3:48  Drone x2  
  45  3:49  Drone x2  
  45  3:50  Drone  
  45  3:51  Drone  
  45  3:53  Drone  
  50  3:56  Drone  
  50  3:59  Drone  
  52  4:06  Queen  
  52  4:07  Queen  
  52  4:08  Drone  
  52  4:09  Drone  
  58  4:20  Drone x3  
  61  4:28  Drone x3  
  61  4:30  Evolution Chamber  
  63  4:32  Spore Crawler  
  60  4:42  Queen  
  60  4:45  Extractor  
  58  4:47  Queen x2, Extractor  
  58  4:48  Hydralisk Den  
  58  4:50  Drone x4  
  63  4:53  Drone x2  
  63  4:57  Extractor  
  64  5:02  Drone  
  64  5:03  Overlord x2  
  65  5:14  Drone  
  66  5:18  Overlord x2  
  66  5:19  Overlord  
  66  5:21  Queen  
  66  5:25  Hydralisk  
  66  5:26  Hydralisk x3  
  76  5:28  Hydralisk  
  76  5:32  Grooved Spines  
  78  5:38  Drone  
  78  5:39  Drone x2  
  81  5:43  Zerg Missile Weapons Level 1  
  81  5:44  Drone x2  
  81  5:45  Drone  
  83  5:58  Spore Crawler  
  83  6:03  Hydralisk x5  
  92  6:09  Drone x8  
  100  6:11  Extractor  
  100  6:16  Drone x2  
  100  6:17  Drone  
  102  6:18  Drone  
  103  6:38  Hydralisk x2  
  105  6:44  Muscular Augments  
  105  6:53  Baneling Nest  
  104  6:56  Hatchery  
  104  6:59  Drone x2  
  105  7:01  Lurker Den  
  104  7:09  Overlord x2  
  104  7:22  Overseer  
  104  7:23  Overseer  
  104  7:31  Hydralisk x9  
  122  7:49  Overlord x3  
  122  7:58  Overlord x4  
  122  8:07  Pneumatized Carapace  
  122  8:08  Hydralisk x3  
  122  8:10  Zergling x2  
  122  8:11  Zergling x4  
  131  8:14  Zergling x2  
  131  8:15  Zergling x10  
  131  8:16  Hatchery  
  131  8:17  Extractor  
  135  8:24  Baneling  
  135  8:25  Baneling  
  135  8:26  Zergling x10  
  140  8:29  Baneling  
  140  8:30  Baneling x2  
  140  8:31  Baneling  
  140  8:32  Zergling x2  
  140  8:33  Baneling x4  
  140  8:34  Baneling x3  
  141  8:47  Zergling x8  
Tags
 
Add a new tag
Caveats
  • Supply blocks, unpowered buildings, or Contaminate may cause inaccurate times.
  • Supply counts are checked every 10 seconds.